Map: Abyssal Reef LE

Players

FarmCakes - Winner!

  • Race: Zerg Zerg
  • League: Master
  • Spawn Location: 11:00

Teletubby

  • Race: Terran Terran
  • League: Master
  • Spawn Location: 5:00

VOD

https://go.twitch.tv/videos/186074637

Description

Time

  • Played on: Oct. 28, 2017, 7:36 p.m.
  • Length: 17:58
Show
View Real Time Build Order
Export as new Build Order

FarmCakes Zerg - Winner!

Build Orders: Hatch First 

Get SALT Encoding   

  12  0:00  Drone  
  13  0:07  Drone  
  14  0:16  Overlord  
  14  0:22  Extractor  
  14  0:23  Drone  
  15  0:35  Drone x2  
  17  0:52  Hatchery  
  17  0:56  Drone  
  17  1:00  Drone  
  18  1:10  Extractor  
  17  1:15  Spawning Pool  
  16  1:18  Drone  
  16  1:21  Drone  
  18  1:28  Drone  
  19  1:39  Overlord  
  19  2:01  Queen  
  19  2:02  Zergling x4  
  19  2:04  Drone, Queen  
  26  2:09  Drone  
  26  2:12  Metabolic Boost  
  27  2:16  Drone  
  27  2:20  Drone  
  29  2:27  Drone  
  30  2:30  Drone  
  31  2:38  Overlord  
  31  2:40  Queen  
  33  2:49  Pneumatized Carapace  
  33  2:51  Drone x2  
  35  2:55  Zergling x2  
  35  2:58  Drone  
  37  3:03  Drone  
  38  3:08  Drone  
  38  3:09  Overlord  
  38  3:11  Drone x2  
  41  3:13  Drone  
  42  3:21  Drone x2  
  44  3:32  Hatchery  
  44  3:33  Drone x3  
  46  3:38  Overlord  
  46  3:43  Drone x2  
  46  3:46  Extractor  
  46  3:47  Queen  
  49  3:53  Drone x2, Evolution Chamber  
  50  3:58  Drone  
  50  3:59  Drone x2  
  53  4:03  Overlord  
  53  4:11  Evolution Chamber  
  53  4:12  Drone  
  53  4:19  Zerg Ground Armor Level 1  
  53  4:20  Drone x2  
  53  4:22  Queen  
  53  4:24  Drone x2  
  60  4:31  Zergling x6  
  60  4:33  Drone x2  
  60  4:37  Zerg Melee Weapons Level 1  
  64  4:38  Drone  
  64  4:41  Overlord  
  65  4:46  Drone x2  
  67  4:54  Hatchery  
  67  4:57  Lair  
  67  4:58  Drone  
  67  5:04  Drone x4  
  71  5:08  Drone x2  
  71  5:11  Overlord  
  72  5:16  Zergling x6  
  72  5:17  Zergling x4  
  72  5:19  Drone x3  
  80  5:25  Drone x2  
  80  5:27  Extractor  
  81  5:28  Overlord x3  
  81  5:29  Extractor  
  80  5:42  Drone x2  
  82  5:44  Hatchery  
  82  5:45  Drone x2  
  82  5:48  Drone x3, Baneling Nest  
  82  5:49  Extractor x2  
  83  5:53  Drone  
  83  5:54  Drone  
  85  5:58  Drone, Hydralisk Den  
  85  5:59  Drone x2  
  87  6:04  Overlord  
  87  6:05  Overlord  
  87  6:14  Zergling x10  
  87  6:15  Zergling x8  
  87  6:18  Zerg Ground Armor Level 2  
  93  6:19  Drone  
  93  6:23  Drone x2  
  96  6:29  Muscular Augments  
  96  6:31  Centrifical Hooks  
  96  6:32  Baneling x5  
  96  6:33  Baneling x2  
  96  6:37  Drone x4  
  96  6:38  Drone x4  
  104  6:45  Extractor  
  103  6:51  Overlord x2  
  103  6:53  Hydralisk x3  
  103  6:54  Hydralisk x2  
  105  6:58  Zergling x8  
  115  7:03  Drone  
  115  7:04  Drone x4  
  120  7:09  Overseer  
  120  7:10  Overlord x2  
  120  7:11  Hydralisk x2  
  120  7:12  Baneling x2  
  120  7:13  Baneling x2  
  124  7:16  Drone x3  
  128  7:22  Zergling x2  
  128  7:23  Zergling x12  
  134  7:32  Hydralisk x3  
  140  7:37  Baneling x5  
  140  7:40  Hatchery  
  140  7:43  Zerg Melee Weapons Level 2  
  140  7:44  Zergling x12  
  140  7:45  Zergling x2  
  146  7:52  Zergling x8  
  146  7:53  Zergling x8  
  153  8:05  Zergling x8  
  149  8:06  Zergling x14  
  149  8:07  Queen  
  161  8:15  Infestation Pit, Hydralisk x2  
  161  8:16  Extractor, Hydralisk  
  153  8:40  Zergling x2  
  153  8:41  Zergling x36  
  162  8:47  Hydralisk x2  
  166  8:50  Overlord x5  
  166  8:53  Hive  
  166  8:56  Drone  
  167  9:04  Zerg Missile Weapons Level 1  
  167  9:07  Evolution Chamber  
  167  9:09  Hydralisk  
  166  9:10  Hydralisk x11  
  166  9:16  Baneling  
  190  9:17  Baneling x8  
  190  9:18  Baneling x12  
  190  9:25  Baneling  
  190  9:31  Baneling  
  190  9:32  Baneling x15  
  188  9:40  Baneling x5  
  188  9:41  Baneling  
  188  9:42  Zergling x2  
  188  9:43  Zergling x20  
  190  10:10  Zerg Ground Armor Level 3, Zerg Melee Weapons Level 3  
  190  10:11  Adrenal Glands  
  190  10:16  Zergling x2  
  190  10:17  Zergling x18  
  200  10:26  Extractor  
  200  10:28  Extractor  
  198  10:35  Infestation Pit  
  196  10:37  Ultralisk Cavern  
  188  10:44  Hatchery  
  140  10:54  Zergling x2  
  140  10:55  Zergling x40  
  140  10:56  Zergling x16  
  141  11:09  Zergling x2  
  140  11:21  Queen  
  137  11:28  Hatchery  
  137  11:32  Drone x3  
  139  11:33  Drone x3  
  139  11:34  Drone x3  
  139  11:35  Chitinous Plating  
  139  11:36  Ultralisk x4  
  169  11:41  Baneling x7  
  169  11:42  Baneling x15  
  169  11:48  Zergling x2, Hatchery  
  169  11:49  Zergling x10  
  174  11:55  Zergling x2  
  174  11:56  Zergling x8  
  174  11:58  Baneling x5  
  174  11:59  Baneling  
  177  12:10  Spore Crawler  
  175  12:25  Zergling x8  
  175  12:26  Zergling x26  
  186  12:42  Ultralisk x3  
  198  12:44  Zergling x2  
  198  12:48  Zerg Missile Weapons Level 2  
  176  13:00  Zergling x2  
  176  13:01  Zergling x32  
  189  13:07  Viper x3  
  189  13:12  Zergling x4  
  200  13:26  Baneling x8  
  200  13:28  Baneling  
  200  13:29  Baneling x20  
  200  13:30  Baneling x5  
  200  13:32  Overseer x3  
  189  14:09  Spire  
  188  14:11  Zergling x10  
  188  14:12  Zergling x14  
  186  14:25  Ultralisk x2  
  195  14:40  Drone x4  
  195  14:41  Drone x3  
  193  14:55  Spire, Hatchery  
  192  15:02  Extractor  
  190  15:07  Drone x3  
  193  15:16  Drone  
  193  15:17  Drone x2  
  182  15:50  Viper x2  
  182  15:52  Drone x6  
  182  15:53  Drone x5  
  193  16:00  Queen, Overseer  
  158  16:22  Spore Crawler  
  139  16:29  Ultralisk  
  139  16:30  Zergling x2, Ultralisk x7  
  139  16:31  Zergling x2  
  199  16:37  Greater Spire  
  186  16:40  Extractor x2  
  169  16:48  Ultralisk x2  
  169  16:49  Ultralisk  
  169  16:52  Hatchery  
  164  17:01  Drone x2  
  164  17:02  Drone x12  
  162  17:10  Hydralisk x2  
  162  17:11  Hydralisk  
  162  17:18  Hydralisk  
  162  17:19  Hydralisk x4  
  162  17:22  Spore Crawler  
  169  17:26  Drone x4  
  169  17:27  Hydralisk x5  
Show
View Real Time Build Order
Export as new Build Order

Teletubby Terran 

Build Orders: Reaper Expand, Bio Tank 

Get SALT Encoding   

  12  0:01  SCV  
  13  0:13  SCV  
  14  0:17  Supply Depot  
  14  0:25  SCV  
  15  0:39  SCV  
  15  0:40  Barracks  
  16  0:48  Refinery  
  16  0:51  SCV  
  17  1:03  SCV  
  18  1:15  SCV  
  19  1:29  Orbital Command  
  19  1:30  Reaper  
  20  1:41  Command Center  
  20  1:52  Supply Depot  
  20  1:55  SCV  
  21  2:02  Marine  
  21  2:08  SCV  
  23  2:16  Factory  
  23  2:20  SCV  
  24  2:25  Barracks Reactor  
  24  2:32  SCV  
  26  2:44  SCV  
  26  2:45  Command Center  
  26  2:54  Orbital Command  
  26  2:57  SCV  
  27  3:09  SCV, Hellion x2  
  32  3:16  Barracks Tech Lab  
  32  3:21  SCV  
  32  3:22  SCV  
  34  3:31  Bunker  
  33  3:35  Hellion x2  
  33  3:38  Stimpack  
  33  3:40  SCV x2  
  39  3:46  Engineering Bay  
  39  3:49  Engineering Bay  
  39  3:52  SCV  
  39  3:53  SCV  
  41  3:59  Barracks, Orbital Command  
  41  4:02  Barracks  
  41  4:04  SCV  
  41  4:05  SCV  
  41  4:06  Factory Reactor  
  43  4:15  Refinery  
  43  4:16  Terran Infantry Weapons Level 1, Refinery, SCV  
  44  4:19  SCV  
  45  4:27  SCV  
  45  4:28  Refinery, SCV  
  47  4:31  SCV  
  47  4:33  Supply Depot  
  47  4:36  Marine  
  49  4:39  SCV  
  50  4:48  SCV  
  50  4:49  SCV  
  50  4:50  Starport  
  50  4:51  SCV  
  50  4:52  Marine x2  
  55  4:54  Marine  
  56  5:03  Terran Infantry Armor Level 1, SCV  
  56  5:04  Factory Reactor  
  56  5:05  Marine x2  
  59  5:07  Supply Depot  
  59  5:09  Marine x2  
  59  5:11  SCV  
  59  5:12  Marine  
  63  5:17  Orbital Command  
  63  5:20  SCV  
  64  5:23  Marine x2, SCV  
  64  5:27  Marine  
  68  5:29  Marine x2  
  68  5:30  Barracks  
  68  5:31  Supply Depot  
  68  5:32  Barracks, SCV  
  68  5:33  Armory  
  68  5:35  SCV  
  72  5:39  Supply Depot  
  72  5:41  Marine x2  
  74  5:45  Marine, SCV x2  
  74  5:46  Factory Reactor  
  77  5:52  Medivac x2, Marine x2  
  82  5:57  SCV x2  
  82  5:58  Supply Depot  
  82  5:59  SCV  
  82  6:00  Marine x2  
  87  6:09  SCV  
  88  6:11  Marine x2  
  88  6:12  Combat Shields, Marine  
  88  6:18  Marine  
  92  6:20  SCV x2  
  92  6:21  Supply Depot  
  92  6:22  Supply Depot, Marine  
  92  6:23  Barracks Reactor  
  92  6:24  Barracks Reactor  
  95  6:25  Medivac x2  
  95  6:32  Terran Vehicle And Ship Armor Level 1  
  99  6:33  Factory Tech Lab  
  99  6:34  SCV x2  
  99  6:36  Factory  
  101  6:41  Supply Depot  
  101  6:43  Supply Depot, Marine, SCV  
  101  6:46  SCV  
  104  6:47  Supply Depot  
  104  6:52  Marine x3  
  107  6:59  SCV  
  107  7:00  Terran Infantry Weapons Level 2, SCV x2  
  102  7:02  Terran Infantry Armor Level 2, Marine x2  
  102  7:03  Marine x4  
  108  7:10  Marine  
  108  7:12  SCV x2  
  108  7:13  Missile Turret  
  111  7:16  Barracks x2  
  111  7:19  Siege Tank  
  111  7:21  Barracks  
  114  7:24  Marine  
  114  7:25  Marine x4  
  119  7:32  Refinery, Marine x3  
  119  7:33  Refinery  
  122  7:38  Factory Tech Lab  
  122  7:41  Marine  
  122  7:42  Marine x2  
  122  7:43  Supply Depot, Marine x2  
  127  7:44  Concussive Shells  
  127  7:47  Marine  
  127  7:50  Marine x3  
  130  7:59  Marine  
  130  8:08  Barracks Tech Lab  
  130  8:09  Barracks Tech Lab  
  130  8:11  Siege Tank x2  
  136  8:13  Marine x8  
  136  8:18  Marine  
  145  8:20  Supply Depot  
  145  8:22  Command Center  
  145  8:27  Supply Depot, Medivac x2  
  145  8:28  Supply Depot  
  145  8:30  Marine  
  145  8:31  Marine x2  
  145  8:33  Marine  
  144  8:40  Marine x2  
  132  8:43  Siege Tank x2  
  132  8:44  Marine x5  
  132  8:45  Marauder  
  145  8:53  Supply Depot  
  145  8:54  Marine x2  
  145  8:55  Marine, Marauder  
  150  9:00  Marine x2  
  150  9:01  Marine x2  
  150  9:02  Marine, Marauder  
  157  9:06  Marauder  
  157  9:08  Marine x2  
  161  9:12  Marine x3  
  161  9:15  Siege Tank x2  
  172  9:17  Marauder  
  172  9:18  Marine x3  
  172  9:19  Marine x2  
  179  9:24  Marauder  
  179  9:26  Marine  
  179  9:29  Marauder  
  181  9:33  Planetary Fortress  
  181  9:38  Marine x4, Marauder  
  183  9:45  Marauder, Terran Infantry Weapons Level 3  
  188  9:47  Siege Tank x2  
  188  9:49  Marine x2  
  188  9:51  Marine  
  188  9:52  Marine  
  196  10:01  Liberator, Marine, Marauder  
  196  10:02  Marine x2  
  196  10:03  Marauder  
  187  10:07  Marine x3  
  187  10:08  Marine x2, Marauder  
  196  10:30  Liberator  
  196  10:35  Marine  
  196  10:42  Marine  
  196  10:43  Marine  
  196  10:44  Siege Tank, Marauder  
  196  10:45  Marine x5  
  196  10:46  Marine, Marauder x2  
  196  10:48  Siege Tank  
  196  10:49  Marine  
  171  10:53  Marine  
  129  11:00  Marine  
  129  11:01  Medivac, Marine  
  129  11:03  Marine x6  
  129  11:06  Marauder  
  129  11:07  Terran Infantry Armor Level 3, Marine  
  129  11:11  Marine  
  135  11:17  Terran Vehicle Weapons Level 1  
  135  11:18  Marine  
  137  11:19  Marine  
  137  11:21  Command Center  
  137  11:25  Marine x3  
  137  11:26  Marine x4  
  137  11:27  Marauder  
  137  11:28  Siege Tank  
  137  11:29  Siege Tank  
  137  11:30  Medivac  
  150  11:42  Marine x3  
  150  11:43  Marauder  
  155  11:53  Marine x2  
  155  11:54  Marine x3  
  154  12:00  Siege Tank  
  160  12:01  Siege Tank  
  160  12:07  Medivac x2  
  167  12:12  Starport  
  167  12:14  Starport  
  164  12:20  Orbital Command  
  164  12:21  Marine x4, Marauder  
  170  12:33  Siege Tank x2  
  170  12:36  Medivac  
  170  12:37  Medivac  
  165  12:39  Marine x4, Marauder x2  
  165  12:44  Marine x3, Marauder  
  169  12:57  Marine  
  155  12:59  Marine  
  155  13:02  Sensor Tower  
  155  13:03  Missile Turret  
  154  13:08  Planetary Fortress  
  154  13:12  Marine  
  155  13:21  Marine x3  
  155  13:22  Marauder  
  155  13:26  Marine x2, Marauder  
  160  13:56  Marine x2  
  160  13:57  Marine, Marauder  
  160  13:59  Liberator x2, Marine  
  163  14:08  Marine x6, Marauder  
  163  14:09  Siege Tank x2, Marauder  
  179  14:13  Starport Tech Lab  
  179  14:14  Starport Reactor  
  179  14:15  Marine  
  179  14:18  Marauder  
  179  14:22  Marine x3  
  175  14:29  Liberator  
  175  14:30  Marauder x2  
  177  14:46  Liberator  
  177  14:47  Liberator  
  177  14:48  Marine  
  175  14:53  Marine  
  175  14:56  Refinery  
  175  14:58  Refinery, SCV x3  
  179  15:02  SCV  
  179  15:03  Supply Depot, SCV  
  179  15:04  Supply Depot  
  179  15:24  Marine x3  
  179  15:25  Orbital Command, Marauder  
  179  15:26  Supply Depot  
  179  15:27  Supply Depot  
  179  15:28  Marine  
  175  15:31  Marine x2, Marauder  
  179  15:36  Fusion Core  
  176  15:51  Liberator x2  
  176  15:52  Liberator  
  166  16:07  Marine x8, Marauder x2  
  166  16:08  Marine x2, Marauder  
  144  16:24  Marine  
  144  16:25  Marine x4  
  117  16:29  Marauder x3  
  117  16:30  Marine  
  108  16:34  Marine  
  96  16:41  Marine  
  96  16:44  Marine  
  96  16:45  Marine  
  88  16:50  Marauder  
  82  17:00  Marine x2  
  82  17:01  Marauder  
  74  17:02  Marine  
  74  17:17  Marine x3, Marauder x2  
  79  17:23  Medivac x2  
  79  17:26  Orbital Command  
  74  17:33  Marine x4  
  74  17:34  Marauder  
  80  17:38  Marine  
  80  17:39  Marine  
Tags
 
Add a new tag
Caveats
  • Supply blocks, unpowered buildings, or Contaminate may cause inaccurate times.
  • Supply counts are checked every 10 seconds.